 Dungeon Crawl Stone Soup version 0.18-a0-822-gb52b7b4 (webtiles) character file.

422 Raultor the Skirmisher (level 6, 0/50 HPs)
             Began as a Demonspawn Gladiator on Dec 16, 2015.
             Killed by divine providence
             ... invoked by an orc priest
              (13 damage)
             ... on level 4 of the Dungeon.
             The game lasted 00:09:49 (3477 turns).

Raultor the Skirmisher (Demonspawn Gladiator)       Turns: 3477, Time: 00:09:49

Health: 0/50       AC: 11    Str: 15    XL:     6   Next: 63%
Magic:  6/6        EV: 11    Int: 10    God:
Gold:   186        SH:  4    Dex: 15    Spells: 0 memorised, 5 levels left

rFire  . . .     SeeInvis .     i - +1 dagger (elec)
rCold  . . .     Gourm    .     e - +0 ring mail
rNeg   . . .     Faith    .     p - +0 buckler
rPois  +         Spirit   .     c - +0 helmet
rElec  .         Dismiss  .     (no cloak)
rCorr  .         Reflect  .     (no gloves)
SustAt .         Harm     .     u - +2 pair of boots
MR     +....                    s - amulet of rage {+Rage, !d}
Stlth  +.........               t - ring of poison resistance {rPois, !d}
                                o - ring of protection from magic {MR+, !d}

@: somewhat resistant to hostile enchantments, very unstealthy
A: hooves 1, rugged brown scales 2
a: Evoke Berserk Rage


You were on level 4 of the Dungeon.
You were not hungry.

You visited 1 branch of the dungeon, and saw 4 of its levels.

You collected 186 gold pieces.

Inventory:

Hand Weapons
 a - a +0 flail
 i - a +1 dagger of electrocution (weapon)
   (You took it off a goblin on level 1 of the Dungeon)
Missiles
 d - 3 throwing nets {=f, !d}
Armour
 c - a +0 helmet (worn)
 e - a +0 ring mail (worn)
   (You found it on level 1 of the Dungeon)
 p - a +0 buckler (worn)
   (You found it on level 2 of the Dungeon)
 u - a +2 pair of boots (worn)
   (You found it on level 3 of the Dungeon)
Jewellery
 o - a ring of protection from magic (left hand) {MR+, !d}
   (You found it on level 2 of the Dungeon)
 s - an amulet of rage (around neck) {+Rage, !d}
   (You found it on level 2 of the Dungeon)
 t - a ring of poison resistance (right hand) {rPois, !d}
   (You found it on level 3 of the Dungeon)
Scrolls
 b - a scroll of remove curse {unknown}
 g - 2 scrolls of recharging {unknown}
 h - a scroll of fear {unknown}
 j - a scroll of magic mapping {unknown}
 l - a scroll of enchant weapon {unknown}
 m - 8 scrolls of identify {unknown}
 r - a scroll of teleportation {unknown}
Potions
 k - 4 potions of curing {unknown}
 q - 2 potions of agility {unknown}
 v - a potion of magic {unknown}
Comestibles
 f - 2 bread rations {@e1}
 n - 2 meat rations {@e2}
 x - a beef jerky


   Skills:
 + Level 4.2 Fighting
 + Level 4.2 Maces & Flails
 - Level 1.7 Throwing
 + Level 2.9 Armour
 - Level 2.6 Dodging
 + Level 2.2 Shields


You had 5 spell levels left.
You didn't know any spells.

Dungeon Overview and Level Annotations

Branches:
Dungeon (4/15)
 Temple: D:4-7

Altars:
Elyvilon
Kikubaaqudgha
Okawaru
Trog
Zin


Innate Abilities, Weirdness & Mutations

You have large cloven feet.
You are mostly covered in rugged brown scales (AC +2, +5% HP).


Message History

Your experience leads to an increase in your attributes!
Increase (S)trength, (I)ntelligence, or (D)exterity?
You feel agile.
You regained 5 hp, and now have 43/50 hp.
MP restored: 6
k - 4 smoky green potions (gained 1) 2 gnolls come into view.
The gnoll shouts!
You regained 3 hp, and now have 46/50 hp.
A gnoll comes into view. It is wielding a whip of electrocution.
A gnoll comes into view. It is wielding a spear.
The gnoll shouts! x2
An ogre comes into view. It is wielding a giant club.
The ogre shouts!
The gnoll barely misses you. The gnoll hits you but does no damage.
Health restored: 50
There is a stone staircase leading up, spattered with blood here.
You climb upwards.
There is a stone staircase leading down here.
A worm comes into view.
You block the worm's attack.
You hit the worm. The worm bites you.
You take 4 damage, and have 46/50 hp.
You hit the worm. You completely miss the worm. The worm bites you.
You take 5 damage, and have 41/50 hp.
You hit the worm.
There is a sudden explosion of sparks!
You kill the worm!
No target in view!
(D) Dungeon
Where to? (Enter - D:3 @ (x,y), ? - help)
There is a stone staircase leading down here.
You regained 4 hp, and now have 46/50 hp.
You climb downwards.
An adder and a worker ant come into view.
The worker ant twitches its antennae in your direction.
There is a stone staircase leading up here.
The worker ant barely misses you.
You hit the worker ant.
There is a sudden explosion of sparks!
You kill the worker ant!
The adder closely misses you.
You hit the adder but do no damage. The adder bites you but does no damage.
The adder bites you but does no damage.
You hit the adder. You block the adder's attack.
You hit the adder but do no damage. You block the adder's attack.
You hit the adder.
There is a sudden explosion of sparks!
You kill the adder!
No target in view!
You see here an adder corpse.
You butcher the adder corpse.
w - a chunk of flesh {@w0} Eating a chunk of flesh {@w0}.
You continue eating. x2
You see here a falchion.
An orc and an orc priest come into view.
The orc priest shouts!
The orc priest mumbles some strange prayers to Beogh against you.
Something smites you!
You see here a ring mail.
You take 13 damage, and have 35/50 hp.
MASSIVE DAMAGE!!
You hit the orc. You hit the orc but do no damage.
The orc hits you but does no damage.
You hit the orc but do no damage. The orc closely misses you.
You hit the orc.
You kill the orc! 2 orcs come into view.
The orc shouts! x2
The orc priest hits you but does no damage.
You barely miss the orc priest.
The orc priest hits you but does no damage.
You hit the orc priest but do no damage.
The orc priest mumbles some strange prayers to Beogh against you.
Something smites you!
You take 10 damage, and have 27/50 hp.
Your ring mail prevents you from hitting the orc priest.
The orc priest barely misses you.
You hit the orc priest but do no damage.
The orc closely misses you.
You hit the orc but do no damage. The orc closely misses you.
You hit the orc but do no damage. You barely miss the orc.
The orc hits you but does no damage.
You hit the orc priest.
The orc priest hits you but does no damage.
The orc hits you with a flail.
You take 6 damage, and have 22/50 hp.
You hit the orc priest but do no damage.
You block the orc priest's attack.
You barely miss the orc priest. The orc closely misses you.
You block the orc priest's attack.
You hit the orc priest. The orc hits you but does no damage.
The orc priest calls down the wrath of Beogh upon you.
Something smites you!
* * * LOW HITPOINT WARNING * * *
You take 10 damage, and have 13/50 hp.
You closely miss the orc priest. The orc hits you but does no damage.
The orc priest calls down the wrath of Beogh upon you.
Something smites you!
You die...

### #... ####
#..#####..####
#..oo##...).#
#.....#@....##.#
#.....o####.....######
## .......
#.###......###.
....... #.#
#.####(.##. ..#....
..# #.# ##.... . #....
#.## #.# ##..<. #.###
#. #.####.....
#..........


You could see an orc priest and an orc.

Vanquished Creatures
  Grinder (D:4)
  An iguana (D:4)
  A giant frog skeleton (D:4)
  A worker ant (D:4)
  7 adders
  A worm (D:3)
  6 orcs
  4 giant cockroaches
  10 hobgoblins
  A ball python (D:1)
  4 bats (D:3)
  3 giant geckos (D:3)
  4 giant newts
  7 goblins
  6 jackals
  6 kobolds
  14 rats
77 creatures vanquished.

Notes
Turn   | Place    | Note
--------------------------------------------------------------
     0 | D:1      | Raultor the Demonspawn Gladiator began the quest for the Orb.
     0 | D:1      | Reached XP level 1. HP: 16/16 MP: 1/1
   483 | D:1      | Gained mutation: You are partially covered in rugged brown scales (AC +1, +3% HP). [demonic ancestry]
   483 | D:1      | Reached XP level 2. HP: 13/23 MP: 2/2
   693 | D:1      | Reached skill level 1 in Armour
  1183 | D:2      | Reached XP level 3. HP: 25/28 MP: 3/3
  1208 | D:2      | Reached skill level 3 in Maces & Flails
  1233 | D:2      | Found a white marble altar of Elyvilon.
  1269 | D:2      | Found an ancient bone altar of Kikubaaqudgha.
  1745 | D:3      | Noticed a centaur
  1960 | D:3      | HP: 7/28 [orc/hand axe (2)]
  1963 | D:3      | Reached skill level 3 in Fighting
  2291 | D:3      | Gained mutation: You are mostly covered in rugged brown scales (AC +2, +5% HP). [demonic ancestry]
  2291 | D:3      | Reached XP level 4. HP: 19/36 MP: 4/4
  2659 | D:3      | Found an iron altar of Okawaru.
  2781 | D:3      | Reached skill level 2 in Armour
  2813 | D:3      | Found a glowing silver altar of Zin.
  2867 | D:3      | Found a bloodstained altar of Trog.
  3028 | D:4      | Reached skill level 1 in Shields
  3028 | D:4      | Gained mutation: You have large cloven feet. [demonic ancestry]
  3028 | D:4      | Reached XP level 5. HP: 37/43 MP: 5/5
  3039 | D:4      | Noticed Grinder
  3310 | D:4      | Killed Grinder
  3310 | D:4      | Reached skill level 4 in Fighting
  3310 | D:4      | Reached skill level 4 in Maces & Flails
  3310 | D:4      | Reached skill level 2 in Shields
  3310 | D:4      | Reached XP level 6. HP: 43/50 MP: 6/6
  3477 | D:4      | Killed from afar by an orc priest

Vault maps used:
D:1:      lemuel_arrival_lava_pool, bh_walls_and_bars
D:2:      marbit_many_paths, lemuel_round_altar
D:3:      lightli_temple_of_fire, nicolae_overflow_crystal_walls,
          kennysheep_okawaru_gauntlet
D:4:      led_sif_book, minmay_temple_entry_poolview, first_bread,
          kennysheep_doodads, uniq_grinder

Action                   |  1- 3 |  4- 6 || total
-------------------------+-------+-------++-------
Melee: Flail             |    48 |       ||    48
       Dagger            |   109 |   115 ||   224
 Abil: Evoke Berserk Rag |       |     1 ||     1
 Stab: Sleeping          |     1 |       ||     1
  Eat: Chunk             |     4 |     5 ||     9

Vault maps used:
D:1:      lemuel_arrival_lava_pool, bh_walls_and_bars
D:2:      marbit_many_paths, lemuel_round_altar
D:3:      lightli_temple_of_fire, nicolae_overflow_crystal_walls,
          kennysheep_okawaru_gauntlet
D:4:      led_sif_book, minmay_temple_entry_poolview, first_bread,
          kennysheep_doodads, uniq_grinder

Table legend:
 A = Turns spent in this place as a percentage of turns spent in the entire game.
 B = Non-inter-level travel turns spent in this place as a percentage of non-inter-level travel turns spent in the entire game.
 C = Inter-level travel turns spent in this place as a percentage of turns spent in this place.
 D = Turns resting spent in this place as a percentage of non-inter-level travel turns spent in this place.
 E = Turns spent auto-exploring this place as a percentage of non-inter-level travel turns spent in this place.
 F = Non-inter-level travel turns spent in this place divided by the number of levels of this place that you've seen.
                   A       B       C       D       E      F
               +-------+-------+-------+-------+-------+----------------------
         Total | 100.0 | 100.0 |   1.1 |   2.3 |  12.3 | 174.2
       Dungeon | 100.0 | 100.0 |   1.1 |   2.3 |  12.3 | 174.2
               +-------+-------+-------+-------+-------+----------------------

Table legend:
 A = Kills in this place as a percentage of kills in entire the game.
 B = Kills by you in this place as a percentage of kills by you in the entire game.
 C = Kills by friends in this place as a percentage of kills by friends in the entire game.
 D = Other kills in this place as a percentage of other kills in the entire game.
 E = Experience gained in this place as a percentage of experience gained in the entire game.
 F = Experience gained in this place divided by the number of levels of this place that you have seen.
                   A       B       C       D       E      F
               +-------+-------+-------+-------+-------+----------------------
         Total | 100.0 | 100.0 |  -nan |  -nan | 100.0 | 150.8
       Dungeon | 100.0 | 100.0 |  -nan |  -nan | 100.0 | 150.8
               +-------+-------+-------+-------+-------+----------------------
